 Dungeon Crawl Stone Soup version 0.31-a0-455-g1a7b003ef0 (webtiles) character file.

Game seed: 6585320696420840891

261 LordLoth the Slasher (level 6, -10/48 HPs)
             Began as a Human Fighter on Aug 4, 2023.
             Killed by nerve-wracking pain
             ... invoked by Grinder
              (12 damage)
             ... on level 3 of the Dungeon.
             The game lasted 01:04:30 (4226 turns).

LordLoth the Slasher (Human Fighter)                Turns: 4226, Time: 01:04:31

Health: -10/48     AC: 10    Str: 19    XL:     6   Next: 42%
Magic:  6/6        EV: 15    Int:  8    God:
Gold:   133        SH:  4    Dex: 12    Spells: 5/5 levels left

rFire   . . .        a - +0 long sword
rCold   . . .        c - +0 buckler
rNeg    . . .        b - +0 scale mail
rPois   .            (no helmet)
rElec   .            s - +0 cloak {Will+}
rCorr   .            j - +1 pair of gloves
SInv    .            (no boots)
Will    +....        (no amulet) Stlth
                     w - +5 ring of evasion
HPRegen 0.28/turn    (no ring)
MPRegen 0.10/turn

%: no passive effects
@: no status effects
A: no striking features
a: no special abilities


You were on level 3 of the Dungeon.
You visited 1 branch of the dungeon, and saw 3 of its levels.

You collected 133 gold pieces.

Inventory:

Hand Weapons
 a - a +0 long sword (weapon)
 h - a +0 sling
 i - a +0 club
 l - a +0 short sword
 n - a +0 whip
 o - a +0 spear
 p - a +0 mace
 q - a +0 dagger
 r - a +0 spear
 t - a +0 hammer
 u - a +4 quarterstaff of chaos
 y - a +0 dagger
 D - a +0 club
 E - a +0 quarterstaff
 F - a +0 flail
 N - a +0 trident
Missiles
 k - 17 stones
Armour
 b - a +0 scale mail (worn)
 c - a +0 buckler (worn)
 g - a +0 leather armour
 j - a +1 pair of gloves (worn)
 s - a +0 cloak of willpower (worn)
 x - a +0 robe
 z - a +0 ring mail
 G - a +0 chain mail
 H - a +0 ring mail
Jewellery
 w - a +5 ring of evasion (left hand)
Scrolls
 f - a scroll of amnesia {unknown}
 m - a scroll of revelation {unknown}
 B - a scroll of fog {unknown}
 I - a scroll of acquirement {unknown}
 J - 6 scrolls of identify {unknown}
 K - a scroll of enchant armour {unknown}
 M - a scroll of immolation {unknown}
 O - a scroll of vulnerability {unknown}
Potions
 d - a potion of might
 e - 2 potions of resistance {unknown}
 v - a potion of heal wounds {unknown}
 A - a potion of lignification {unknown}
 C - 2 potions of berserk rage {unknown}
 L - a potion of magic {unknown}


   Skills:
 + Level 3.9 Fighting
 + Level 4.1 Long Blades
 + Level 3.8 Armour
 + Level 1.9 Dodging
 + Level 0.5 Stealth
 + Level 3.6 Shields


You had 5 spell levels left.
You didn't know any spells.
Your spell library contained the following spells:

 Spells                   Type           Power      Damage    Failure   Level
 Poisonous Vapours        Pois/Air       0%         N/A       94%         2
 Mephitic Cloud           Conj/Pois/Air  0%         N/A       99%         3
 Freezing Cloud           Conj/Ice/Air   0%         6-21      100%        5


Dungeon Overview and Level Annotations

Branches:
Dungeon (3/15)

Altars:

Shops:
D:2 ?

Annotations:
D:3 Grinder


Message History

You closely miss the goblin.
The goblin is severely wounded.
The goblin hits you but does no damage. The goblin misses you.
You slash the goblin!
You kill the goblin!
Grinder gestures at you. You resist with almost no effort. Grinder hits you.
You writhe in agony.
Things that are here:
a +0 club; a +0 leather armour; 44 gold pieces You barely miss Grinder.
Grinder is moderately wounded.
Grinder hits you but does no damage.
You slash Grinder!
Grinder is moderately wounded.
Grinder hits you but does no damage.
You barely miss Grinder.
Grinder is moderately wounded.
Grinder gestures at you. You resist with almost no effort.
You block Grinder's attack.
You hit Grinder but do no damage.
Grinder is moderately wounded.
Grinder says, "You look like you could use a good racking."
Grinder hits you.
You writhe in agony.
You hit Grinder.
Grinder is heavily wounded.
Grinder gestures at you. Pain shoots through your body!
* * * LOW HITPOINT WARNING * * *
You hit Grinder but do no damage.
Grinder is heavily wounded.
Grinder hits you.
* * * LOW HITPOINT WARNING * * *
You writhe in agony.
* * * LOW HITPOINT WARNING * * *
You slash Grinder!
Grinder is severely wounded.
Grinder gestures at you. Pain shoots through your body!
You die...

#.# #......... >.#
#######.........
#............... .
#.#####........# .. #.#
#........# ... #.#
#.......## .... #.#
#######.## .....####.#
#... .......@#.# ####
.....##5#.# #### ...
#)#.### .... .
#.#.#.#### #.####
##).......# #.####
#......##.# #.....
#......##.####..###
#.#####...............#
#.....)).....##.##..#.##


You could see Grinder.

Vanquished Creatures
  Crazy Yiuf (D:2)
  An orc wizard (D:3)
  Robin (D:3)
  A gnoll (D:1)
  10 adders
  2 worms
  3 dart slugs
  4 orcs
  3 endoplasms
  2 giant cockroaches
  14 goblins
  12 hobgoblins
  3 quokkas
  8 ball pythons
  6 bats
  4 frilled lizards
  5 kobolds
  6 rats
86 creatures vanquished.

Notes
Turn   | Place    | Note
-------+----------+-------------------------------------------
     0 | D:1      | LordLoth the Human Fighter began the quest for the Orb.
     0 | D:1      | Reached XP level 1. HP: 18/18 MP: 1/1
   560 | D:1      | Reached XP level 2. HP: 24/24 MP: 2/2
   991 | D:1      | Reached XP level 3. HP: 17/29 MP: 3/3
  1463 | D:2      | Found a runed translucent door.
  1464 | D:2      | Noticed Crazy Yiuf
  1469 | D:2      | Killed Crazy Yiuf
  1470 | D:2      | Reached XP level 4. HP: 35/35 MP: 4/4
  1538 | D:2      | Reached skill level 1 in Dodging
  1795 | D:2      | Reached skill level 3 in Long Blades
  2044 | D:2      | Reached XP level 5. HP: 41/41 MP: 5/5
  2409 | D:2      | Found Ziajoxzo's Magic Scroll Shop.
  3149 | D:2      | Reached XP level 6. HP: 48/48 MP: 6/6
  3563 | D:3      | Noticed Robin
  3584 | D:3      | Killed Robin
  4029 | D:3      | Reached skill level 4 in Long Blades
  4189 | D:3      | Noticed Grinder
  4225 | D:3      | HP: 2/48 [Grinder (5)]
  4226 | D:3      | Killed from afar by Grinder

Illustrated notes

Levels and vault maps discovered:
D:1:      matt_arrival_los_fun, layout_loops_cross, grunt_decor_one_mirror,
          minmay_misc_feat_pillars, serial_bayou_ford_a
D:2:      layout_basic, serial_shops, shop, minmay_snake_closets,
          uniq_crazy_yiuf_cottage
D:3:      layout_loops_ring, gammafunk_ghost_arena, hangedman_decor_growths,
          uniq_grinder, uniq_robin

Skill      XL: |  1  2  3  4  5  6 |
---------------+-------------------+-----
Dodging        | 1 |  1.9
Long Blades    | 3 4 |  4.1
Fighting       | |  3.9
Armour         | |  3.8
Stealth        | |  0.5
Shields        | |  3.6

Action                     |  1- 3 |  4- 6 || total
---------------------------+-------+-------++-------
  Melee: Long sword        |    79 |   246 ||   325
 Armour: Scale mail        |    29 |   134 ||   163
  Dodge: Dodged            |    35 |   219 ||   254
  Block: Buckler           |    18 |    64 ||    82

Table legend: (Time is in decaauts)
 A = Elapsed time spent in this place.
 B = Non-inter-level travel time spent in this place.
 C = Inter-level travel time spent in this place.
 D = Time resting spent in this place.
 E = Time spent auto-exploring this place.
 F = Levels seen in this place.
 G = Mean time per level.
                   A        B        C        D        E       F      G
               +--------+--------+--------+--------+--------+-----+--------+
         Total |   4339 |   4335 |      4 |      0 |    218 |   3 | 1446.3 |
       Dungeon |   4339 |   4335 |      4 |      0 |    218 |   3 | 1446.3 |
               +--------+--------+--------+--------+--------+-----+--------+

Top non-repeatable levels by time:
     D:2: 2008 daAuts
     D:1: 1487 daAuts
     D:3: 843 daAuts
